AoeStats
← pascapas

MegaRandom

505112118Analyzed
1v1 RM · 26d ago on Sep 7, 2026· 43m 53s· 2 players
Game mode
Random Map
Map size
Tiny (2 player)
Population
200
Speed
Normal
Resources
Standard
Victory
Conquest
Starting age
Dark Age
Ending age
Imperial Age
RankedLock teamsTeams togetherTeam positionsShared explorationLock speedFull tech treeHidden civsTurbo modeCheats
Victory
Defeat
🇦🇷 Ethiopians · Argentina
874
+16
🇨🇭 Sicilians · Switzerland
879
-30
*CABJ*
3:00 Loom
12:38 Feudal Age
18:34 Castle Age
17:55 Double-Bit Axe
19:07 Fletching
22:17 Padded Archer Armor
29:06 Bodkin Arrow
32:55 Crossbowman
33:47 Horse Collar
40:19 Imperial Age
38:36 Wheelbarrow
38:39 Leather Archer Armor
38:55 Heavy Plow
40:22 Scale Mail Armor
42:18 Chemistry
42:07 Forging
42:33 Chain Mail Armor
42:59 Bracer
43:22 Ballistics
43:59 Iron Casting
43:58 Thumb Ring
pascapas
3:36 Loom
3:47 Loom
11:27 Feudal Age
17:25 Horse Collar
18:02 Fletching
19:01 Scale Mail Armor
31:29 Castle Age
31:15 Bloodlines
32:05 Forging
35:05 Light Cavalry
37:53 Wheelbarrow
37:20 Heavy Plow
41:29 Hand Cart
41:00 Town Watch
44:15 Imperial Age
Connection lost

Rejoining the realm…

Still unreachable

The connection could not be restored.

Session expired

The server has moved on; the page needs a fresh start.